cohdb
Replays
Latest Replays
All Replays
Popular Replays
Top Player Replays
Match Explorer
How It Works
Community
CoH3 Stats
Reddit
Sign in to upload your games and track your stats! →
Sign in with Steam
Match 41602274
Unlisted
Match 41602274
Overview
Messages
Build Orders
End
Panzergrenadier Squad
Selects Italian Infantry
Kradschützen Motorcycle Team
Panzergrenadier Squad
250 Light Carrier
Construct Light Support Kompanie
Selects Guastatori Squad
Selects L6/40 Light Tank Combat Group
L6/40 Light Tank Combat Group
Fire Support Elements
Pak 38 Mechanized Group
Selects Sound the Alarm
Vehicle Survival Package
2.5-tonne Medical Truck
Construct Panzerarmee Kommand
MG34 Team
Selects Prepared Positions
VonManteuffel
Heartless Jäger
Havoc
eliass0101
0
0
Comments
sign in to comment!
No comments posted yet!